MLB
ARIZONA DIAMONDBACKS @ OAKLAND ATHLETICS
05/27/2018
 
TOP OF THE 1ST
Arizona Diamondbacks batting - Pitching for Oakland Athletics : LHP J.A. Happ
Pitching: LHP J.A. Happ
Batting: LHB Odubel Herrera 0-0: Ground out 6-3 (Groundball, 6S)
Batting: SHB Ketel Marte 0-0: Ball
1-0: Ball
2-0: Foul Ball, location: 2F
2-1: Ball
3-1: Base on Balls
Batting: RHB Nolan Arenado 0-0: Ball
1-0: Ball
2-0: Foul Ball, location: 2F
2-1: Ball
3-1: Called Strike
3-2: Foul Ball, location: 2F
3-2: Foul Ball, location: 2F
3-2: Base on Balls
Ketel Marte to second
Batting: RHB Wilson Ramos 0-0: Reached on error, E5 (Groundball, 56)
Ketel Marte to third
Nolan Arenado to second
Batting: RHB Christian Walker 0-0: Ball
1-0: Foul Ball, location: 2F
1-1: Fly out, F7 (Flyball, 7S)
Batting: SHB Ben Zobrist 0-0: Fielders Choice at 2nd, 6-4 (Groundball, 6)
Top of the 1st over - 0 runs, 0 hits, 1 error, 3 left on base; Arizona 0 - Oakland 0
BOTTOM OF THE 1ST
Oakland Athletics batting - Pitching for Arizona Diamondbacks : RHP Julio Teheran
Pitching: RHP Julio Teheran
Batting: RHB DJ LeMahieu 0-0: Bunt for hit to 23 - play at first, batter safe!
Batting: LHB Herschel Powell 0-0: Called Strike
0-1: Ball
1-1: Ball
2-1: Ball
3-1: Called Strike
3-2: SINGLE (Groundball, 6) (infield hit)
DJ LeMahieu to second
Batting: RHB Rhys Hoskins 0-0: Grounds into double play, 6-4-3 (Groundball, 6)
DJ LeMahieu to third
Batting: RHB Paul Goldschmidt 0-0: Called Strike
0-1: Swinging Strike
0-2: Foul Ball, location: 2F
0-2: Ground out 6-3 (Groundball, 6D)
Bottom of the 1st over - 0 runs, 2 hits, 0 errors, 1 left on base; Arizona 0 - Oakland 0
TOP OF THE 2ND
Arizona Diamondbacks batting - Pitching for Oakland Athletics : LHP J.A. Happ
Batting: RHB Austin Hays 0-0: Fly out, F4 (Popup, 13)
Batting: SHB Jed Lowrie 0-0: Called Strike
0-1: Called Strike
0-2: Foul Ball, location: 2F
0-2: Ball
1-2: Ball
2-2: Ball
3-2: Foul Ball, location: 2F
3-2: Base on Balls
Batting: RHB Tim Beckham 0-0: Called Strike
0-1: Ball
1-1: Ball
2-1: Foul Ball, location: 2F
2-2: Foul Ball, location: 2F
2-2: Foul Ball, location: 2F
2-2: Foul Ball, location: 2F
2-2: Strikes out swinging
Batting: LHB Odubel Herrera 0-0: Ball
1-0: SINGLE (Flyball, 5D)
Jed Lowrie to second
Batting: SHB Ketel Marte 0-0: Foul Ball, location: 2F
0-1: Ball
1-1: Called Strike
1-2: Reached on error, E6 (Popup, 4S)
Jed Lowrie to third
Odubel Herrera to second
Batting: RHB Nolan Arenado 0-0: Ball
1-0: Ball
2-0: Called Strike
2-1: Foul Ball, location: 2F
2-2: Ball
3-2: Base on Balls
Jed Lowrie scores
Odubel Herrera to third
Ketel Marte to second
Batting: RHB Wilson Ramos 0-0: Swinging Strike
0-1: Ball
1-1: Reached on error, E6 (Groundball, 6)
Odubel Herrera scores
Ketel Marte to third
Nolan Arenado to second
Batting: RHB Christian Walker 0-0: Swinging Strike
0-1: Ball
1-1: Foul Ball, location: 2F
1-2: Foul Ball, location: 2F
1-2: Strikes out swinging
Top of the 2nd over - 2 runs, 1 hit, 2 errors, 3 left on base; Arizona 2 - Oakland 0
BOTTOM OF THE 2ND
Oakland Athletics batting - Pitching for Arizona Diamondbacks : RHP Julio Teheran
Batting: LHB Didi Gregorius 0-0: DOUBLE (Line Drive, 9LM)
Batting: RHB Guillermo Heredia 0-0: Ball
1-0: Ball
2-0: Foul Ball, location: 2F
2-1: SINGLE (Line Drive, 9LS)
Didi Gregorius to third
Runner from 3rd tries for Home, SAFE, throw by RF to home
Batting: RHB James McCann 0-0: Ball
1-0: Ball
2-0: Ball
3-0: Swinging Strike
3-1: Called Strike
3-2: Strikes out swinging
Batting: RHB Chris Owings 0-0: Fly out, F6 (Line Drive, 6)
Batting: SHB Kaleb Cowart 0-0: Called Strike
0-1: Ball
1-1: Swinging Strike
1-2: Foul Ball, location: 2F
1-2: Ball
2-2: Strikes out swinging, 2-3 out at first.
Bottom of the 2nd over - 1 run, 2 hits, 0 errors, 1 left on base; Arizona 2 - Oakland 1
TOP OF THE 3RD
Arizona Diamondbacks batting - Pitching for Oakland Athletics : LHP J.A. Happ
Batting: SHB Ben Zobrist 0-0: Ball
1-0: Ball
2-0: Called Strike
2-1: Foul Ball, location: 2F
2-2: SINGLE (Line Drive, 78S)
Batting: RHB Austin Hays 0-0: Foul Ball, location: 2F
0-1: Ball
1-1: Ball
2-1: Swinging Strike
2-2: Ball
3-2: Base on Balls
Ben Zobrist to second
Batting: SHB Jed Lowrie 0-0: Called Strike
0-1: Ball
1-1: Ball
2-1: SINGLE (Groundball, 34D)
Ben Zobrist to third
Austin Hays to second
Batting: RHB Tim Beckham 0-0: Ball
1-0: Foul Ball, location: 2F
1-1: Ball
2-1: Grounds into double play, 6-4-3 (Groundball, 6)
Ben Zobrist scores
Austin Hays to third
Batting: LHB Odubel Herrera 0-0: Called Strike
0-1: Ball
1-1: Called Strike
1-2: Ball
2-2: Ball
3-2: Strikes out swinging
Top of the 3rd over - 1 run, 2 hits, 0 errors, 1 left on base; Arizona 3 - Oakland 1
BOTTOM OF THE 3RD
Oakland Athletics batting - Pitching for Arizona Diamondbacks : RHP Julio Teheran
Batting: RHB DJ LeMahieu 0-0: Foul Ball, location: 2F
0-1: Foul Ball, location: 2F
0-2: Ball
1-2: Fly out, F9 (Flyball, 9D)
Batting: LHB Herschel Powell 0-0: Foul Ball, location: 2F
0-1: Foul Ball, location: 2F
0-2: Ball
1-2: Ball
2-2: Ground out 5-3 (Groundball, 56)
Batting: RHB Rhys Hoskins 0-0: Ball
1-0: Called Strike
1-1: Called Strike
1-2: Ball
2-2: Ball
3-2: Base on Balls
Batting: RHB Paul Goldschmidt 0-0: Ball
1-0: Ball
2-0: Ball
3-0: Base on Balls
Rhys Hoskins to second
Batting: LHB Didi Gregorius 0-0: Foul Ball, location: 2F
0-1: Foul Ball, location: 2F
0-2: Ball
1-2: Foul Ball, location: 2F
1-2: Foul Ball, location: 2F
1-2: SINGLE (Line Drive, 6M)
Rhys Hoskins to third
Paul Goldschmidt to second
Runner from 3rd tries for Home, SAFE, throw by CF to home
Batting: RHB Guillermo Heredia 0-0: Ball
1-0: Ball
2-0: Ball
3-0: Called Strike
3-1: Called Strike
3-2: Foul Ball, location: 2F
3-2: Base on Balls
Paul Goldschmidt to third
Didi Gregorius to second
Batting: RHB James McCann 0-0: Fly out, F3 (Popup, 3S)
Bottom of the 3rd over - 1 run, 1 hit, 0 errors, 3 left on base; Arizona 3 - Oakland 2
TOP OF THE 4TH
Arizona Diamondbacks batting - Pitching for Oakland Athletics : LHP J.A. Happ
Batting: SHB Ketel Marte 0-0: Ground out 4-3 (Groundball, 4)
Batting: RHB Nolan Arenado 0-0: Ball
1-0: SINGLE (Groundball, 6MD)
Batting: RHB Wilson Ramos 0-0: Ball
1-0: Called Strike
1-1: Ball
2-1: 2-RUN HOME RUN (Flyball, 9D), Distance : 389 ft
Batting: RHB Christian Walker 0-0: Fly out, F6 (Line Drive, 6)
Batting: SHB Ben Zobrist 0-0: Ball
1-0: Foul Ball, location: 2F
1-1: Foul Ball, location: 2F
1-2: Ground out 6-3 (Groundball, 6)
Top of the 4th over - 2 runs, 2 hits, 0 errors, 0 left on base; Arizona 5 - Oakland 2
BOTTOM OF THE 4TH
Oakland Athletics batting - Pitching for Arizona Diamondbacks : RHP Julio Teheran
Batting: RHB Chris Owings 0-0: Ball
1-0: Fly out, F9 (Flyball, 9LDF)
Batting: SHB Kaleb Cowart 0-0: Ball
1-0: Fly out, F7 (Flyball, 7)
Batting: RHB DJ LeMahieu 0-0: Foul Ball, location: 2F
0-1: Foul Ball, location: 2F
0-2: Ball
1-2: Ball
2-2: Ball
3-2: SINGLE (Groundball, 34D)
Batting: LHB Herschel Powell 0-0: Called Strike
0-1: Ball
1-1: Called Strike
1-2: Fly out, F7 (Flyball, 78M)
Bottom of the 4th over - 0 runs, 1 hit, 0 errors, 1 left on base; Arizona 5 - Oakland 2
TOP OF THE 5TH
Arizona Diamondbacks batting - Pitching for Oakland Athletics : LHP J.A. Happ
Pitching: RHP Mike Leake
Batting: RHB Austin Hays 0-0: Ball
1-0: Ball
2-0: Foul Ball, location: 2F
2-1: Called Strike
2-2: Ball
3-2: Ground out 1-3 (Groundball, 34S)
Batting: SHB Jed Lowrie 0-0: Ball
1-0: Called Strike
1-1: Foul Ball, location: 2F
1-2: Fly out, F8 (Flyball, 8RM)
Batting: RHB Tim Beckham 0-0: Ball
1-0: Ball
2-0: Ground out 1-3 (Groundball, 15)
Top of the 5th over - 0 runs, 0 hits, 0 errors, 0 left on base; Arizona 5 - Oakland 2
BOTTOM OF THE 5TH
Oakland Athletics batting - Pitching for Arizona Diamondbacks : RHP Julio Teheran
Batting: RHB Rhys Hoskins 0-0: Ball
1-0: Ball
2-0: Foul Ball, location: 2F
2-1: SINGLE (Groundball, 4MD)
Batting: RHB Paul Goldschmidt 0-0: Foul Ball, location: 2F
0-1: Ball
1-1: Foul Ball, location: 2F
1-2: Ball
2-2: Ball
3-2: Base on Balls
Rhys Hoskins to second
Batting: LHB Didi Gregorius 0-0: Ball
1-0: Fly out, F8 (Flyball, 8LD)
Batting: RHB Guillermo Heredia 0-0: Ball
1-0: Called Strike
1-1: Ball
2-1: Called Strike
2-2: Foul Ball, location: 2F
2-2: Foul Ball, location: 2F
2-2: SINGLE (Groundball, 34D)
Rhys Hoskins to third
Paul Goldschmidt to second
Runner from 3rd tries for Home, SAFE, no throw by RF
Batting: RHB James McCann 0-0: Foul Ball, location: 2F
0-1: SINGLE (Line Drive, 8LS)
Paul Goldschmidt to third
Guillermo Heredia to second
Batting: RHB Chris Owings 0-0: Fly out, F9 (Line Drive, 9)
Runner from 3rd tags up, SCORES, throw by RF
Pitching: RHP Zach Petrick
Batting: SHB Kaleb Cowart 0-0: Ball
1-0: Fielders Choice at 2nd, U6 (Groundball, 6M)
Bottom of the 5th over - 2 runs, 3 hits, 0 errors, 2 left on base; Arizona 5 - Oakland 4
TOP OF THE 6TH
Arizona Diamondbacks batting - Pitching for Oakland Athletics : RHP Mike Leake
Batting: LHB Odubel Herrera 0-0: Called Strike
0-1: Called Strike
0-2: Ball
1-2: Strikes out looking
Batting: SHB Ketel Marte 0-0: Fly out, F9 (Flyball, 9LM)
Batting: RHB Nolan Arenado 0-0: Ball
1-0: Called Strike
1-1: Ball
2-1: Called Strike
2-2: Ball
3-2: Strikes out looking
Top of the 6th over - 0 runs, 0 hits, 0 errors, 0 left on base; Arizona 5 - Oakland 4
BOTTOM OF THE 6TH
Oakland Athletics batting - Pitching for Arizona Diamondbacks : RHP Zach Petrick
Batting: RHB DJ LeMahieu 0-0: Ball
1-0: Bunt for hit to 2L - play at first, batter OUT! 2-3
Batting: LHB Herschel Powell 0-0: Swinging Strike
0-1: Called Strike
0-2: Ball
1-2: Strikes out swinging
Batting: RHB Rhys Hoskins 0-0: Foul Ball, location: 2F
0-1: Foul Ball, location: 2F
0-2: Foul Ball, location: 2F
0-2: Strikes out looking
Bottom of the 6th over - 0 runs, 0 hits, 0 errors, 0 left on base; Arizona 5 - Oakland 4
TOP OF THE 7TH
Arizona Diamondbacks batting - Pitching for Oakland Athletics : RHP Mike Leake
Pitching: LHP Dario Alvarez
Batting: RHB Wilson Ramos 0-0: Foul Ball, location: 2F
0-1: Foul Ball, location: 2F
0-2: Foul Ball, location: 2F
0-2: Ball
1-2: Ground out 5-3 (Groundball, 56)
Batting: RHB Christian Walker 0-0: Ball
1-0: Foul Ball, location: 2F
1-1: Foul Ball, location: 2F
1-2: Foul Ball, location: 2F
1-2: Ball
2-2: Foul Ball, location: 2F
2-2: Strikes out looking
Batting: SHB Ben Zobrist 0-0: Ball
1-0: Foul Ball, location: 2F
1-1: Called Strike
1-2: Ball
2-2: Ball
3-2: Foul Ball, location: 2F
3-2: DOUBLE (Line Drive, 78M)
Batting: RHB Austin Hays 0-0: Swinging Strike
0-1: Fly out, F8 (Flyball, 8RD)
Top of the 7th over - 0 runs, 1 hit, 0 errors, 1 left on base; Arizona 5 - Oakland 4
BOTTOM OF THE 7TH
Oakland Athletics batting - Pitching for Arizona Diamondbacks : RHP Zach Petrick
Batting: RHB Paul Goldschmidt 0-0: Called Strike
0-1: Swinging Strike
0-2: Ball
1-2: Ground out 4-3 (Groundball, 4)
Batting: LHB Didi Gregorius 0-0: Called Strike
0-1: Ball
1-1: Called Strike
1-2: Ball
2-2: Ball
3-2: Foul Ball, location: 2F
3-2: Fly out, F8 (Line Drive, 8LD)
Pitching: LHP Dan Jennings
Batting: RHB Guillermo Heredia 0-0: Ground out 6-3 (Groundball, 6)
Bottom of the 7th over - 0 runs, 0 hits, 0 errors, 0 left on base; Arizona 5 - Oakland 4
TOP OF THE 8TH
Arizona Diamondbacks batting - Pitching for Oakland Athletics : LHP Dario Alvarez
Pitching: RHP Michael Feliz
Batting: SHB Jed Lowrie 0-0: Called Strike
0-1: Called Strike
0-2: Ball
1-2: Ball
2-2: Strikes out swinging
Batting: RHB Tim Beckham 0-0: Ball
1-0: Foul Ball, location: 2F
1-1: Ball
2-1: Ball
3-1: Ground out 6-3 (Groundball, 6)
Batting: LHB Odubel Herrera 0-0: Ball
1-0: Ball
2-0: Swinging Strike
2-1: Foul Ball, location: 2F
2-2: Ball
3-2: Base on Balls
Batting: SHB Ketel Marte 0-0: Called Strike
Odubel Herrera steals 2nd base
0-1: Ball
1-1: Ball
2-1: 2-RUN HOME RUN (Flyball, 7D), Distance : 377 ft
Batting: RHB Nolan Arenado 0-0: Called Strike
0-1: Ball
1-1: Ball
2-1: Ball
3-1: Swinging Strike
3-2: Strikes out looking
Top of the 8th over - 2 runs, 1 hit, 0 errors, 0 left on base; Arizona 7 - Oakland 4
BOTTOM OF THE 8TH
Oakland Athletics batting - Pitching for Arizona Diamondbacks : LHP Dan Jennings
Batting: RHB James McCann 0-0: Swinging Strike
0-1: Fly out, F8 (Flyball, 89M)
Batting: RHB Chris Owings 0-0: Called Strike
0-1: Ball
1-1: Ball
2-1: Swinging Strike
2-2: Foul Ball, location: 2F
2-2: Ball
3-2: Base on Balls
Batting: SHB Kaleb Cowart 0-0: Grounds into double play, 4-6-3 (Groundball, 4M)
Bottom of the 8th over - 0 runs, 0 hits, 0 errors, 0 left on base; Arizona 7 - Oakland 4
TOP OF THE 9TH
Arizona Diamondbacks batting - Pitching for Oakland Athletics : RHP Michael Feliz
Pitching: RHP Chasen Bradford
Batting: RHB Wilson Ramos 0-0: Ball
1-0: Called Strike
1-1: Ball
2-1: Foul Ball, location: 2F
2-2: Strikes out swinging
Batting: RHB Christian Walker 0-0: Ball
1-0: Ball
2-0: Foul Ball, location: 2F
2-1: Called Strike
2-2: Ball
3-2: Strikes out looking
Batting: SHB Ben Zobrist 0-0: Called Strike
0-1: Ball
1-1: Fly out, F8 (Flyball, 8RM)
Top of the 9th over - 0 runs, 0 hits, 0 errors, 0 left on base; Arizona 7 - Oakland 4
BOTTOM OF THE 9TH
Oakland Athletics batting - Pitching for Arizona Diamondbacks : LHP Dan Jennings
Pitching: RHP Shawn Armstrong
Batting: RHB DJ LeMahieu 0-0: Ball
1-0: Ball
2-0: Ball
3-0: Base on Balls
Pitching: RHP Jairo Diaz
Batting: LHB Herschel Powell 0-0: Called Strike
0-1: SINGLE (Line Drive, 3D)
DJ LeMahieu to second
Batting: RHB Rhys Hoskins 0-0: Foul Ball, location: 2F
0-1: Fielders Choice at 2nd, 3-6 (Groundball, 34)
DJ LeMahieu to third
Batting: RHB Paul Goldschmidt 0-0: Called Strike
0-1: Called Strike
0-2: Foul Ball, location: 2F
0-2: Strikes out looking
Batting: LHB Didi Gregorius 0-0: Ball
1-0: Ground out 4-3 (Groundball, 4)
Bottom of the 9th over - 0 runs, 1 hit, 0 errors, 2 left on base; Arizona 7 - Oakland 4
Tuesday, July 31st, 2018 - OOTP Baseball 19.7 Build 59